 Dungeon Crawl Stone Soup version 0.30.0-29-ga12c61a403 (webtiles) character file.

Game seed: 1815871553844222726

1082 safid the Chiller (level 8, -2/63 HPs)
             Began as a Merfolk Ice Elementalist on June 2, 2023.
             Was a Believer of Vehumet.
             Shot with an arrow by a centaur (7 damage)
             ... on level 6 of the Dungeon on June 5, 2023.
             The game lasted 00:09:12 (5860 turns).

safid the Chiller (Merfolk Ice Elementalist)        Turns: 5860, Time: 00:09:13

Health: -2/63      AC:  4    Str:  8    XL:     8   Next: 30%
Magic:  9/15       EV: 12    Int: 17    God:    Vehumet [**....]
Gold:   287        SH:  4    Dex: 14    Spells: 10/17 levels left

rFire   . . .        A - +2 spear (venom)
rCold   . . .        B - +0 buckler
rNeg    . . .        a - +0 robe
rPois   .            q - +0 helmet
rElec   .            z - +0 cloak
rCorr   +            (no gloves)
SInv    .            (no boots)
Will    .....        (no amulet)
Stlth   ++           p - ring of resist corrosion
HPRegen 0.30/turn    (no ring)
MPRegen 0.14/turn

%: no passive effects
@: no status effects
A: (nimble swimmer 2), mertail
a: Renounce Religion


You were on level 6 of the Dungeon.
You worshipped Vehumet.
Vehumet was pleased with you.
You visited 1 branch of the dungeon, and saw 6 of its levels.

You collected 287 gold pieces.

Inventory:

Hand Weapons
 A - a +2 spear of venom (weapon)
Missiles
 u - a throwing net
Armour
 a - a +0 robe (worn)
 q - a +0 helmet (worn)
 z - a +0 cloak (worn)
 B - a +0 buckler (worn)
Jewellery
 p - a ring of resist corrosion (left hand)
Wands
 i - a wand of paralysis (5)
 r - a wand of flame (1)
Scrolls
 d - a scroll of vulnerability {unknown}
 e - 5 scrolls of teleportation
 m - 2 scrolls of amnesia
 n - 2 scrolls of fog
 v - a scroll of enchant armour {unknown}
 w - a scroll of magic mapping {unknown}
 y - a scroll of noise {unknown}
Potions
 b - a potion of magic
 c - a potion of degeneration {unknown}
 f - 4 potions of invisibility
 g - 4 potions of mutation
 k - a potion of attraction {unknown}
 l - 2 potions of curing
 s - 2 potions of heal wounds {unknown}
 t - a potion of might {unknown}
 x - a potion of brilliance {unknown}


   Skills:
 + Level 5.6 Fighting
 + Level 3.3 Dodging
 - Level 2.1 Stealth
 + Level 1.1 Shields
 + Level 5.2 Spellcasting
 + Level 7.3 Ice Magic


You had 10 spell levels left.
You knew the following spells:

 Your Spells              Type           Power      Damage    Failure   Level
a - Freeze                Ice            100%       1d10      1%          1
b - Frozen Ramparts       Ice            58%        1d9       3%          3
c - Ozocubu's Armour      Ice            29%        N/A       3%          3

Your spell library contained the following spells:

 Spells                   Type           Power      Damage    Failure   Level
 Scorch                   Fire           8%         2d5       32%         2
 Kiss of Death            Conj/Necr      16%        2d6       22%         1
 Summon Ice Beast         Ice/Summ       16%        N/A       43%         4
 Confusing Touch          Hex            4%         N/A       54%         3
 Gell's Gravitas          Tloc           4%         N/A       54%         3
 Teleport Other           Tloc           4%         N/A       54%         3
 Dispel Undead            Necr           4%         3d7       91%         4
 Dispersal                Tloc           2%         N/A       100%        6


Dungeon Overview and Level Annotations

Branches:
Dungeon (6/15)
 Temple: D:4-7

Altars:
Hepliaklqana
Makhleb
Okawaru
Vehumet
Yredelemnul

Annotations:
D:6 3 runed translucent doors, 0gre's ghost, novice GnWn


Innate Abilities, Weirdness & Mutations

((You are very nimble when in or above water. (Stealth+, EV+, Speed+++)))
Your lower body shifts to a powerful aquatic tail in water.


Message History

Casting: Frozen Ramparts (dangerous; 3% risk of failure)
Confirm with . or Enter, or press ? or * to list all spells.
A film of ice covers your body!
The wall freezes something but does no damage.
You hear some strange, mumbled words.
Something tries to affect you, but you resist.
The wall freezes the hound.
The hound barely misses you.
A centaur comes into view.
The wall freezes the hound.
The hound bites you but does no damage.
The wall freezes something but does no damage.
Something hits you but does no damage. Something bites you!
Something draws strength from your injuries!
The wall freezes the hound.
The hound bites you but does no damage.
Casting: Ozocubu's Armour (dangerous; 3% risk of failure)
Confirm with . or Enter, or press ? or * to list all spells.
Aiming: Freeze (safe; 1% risk of failure)
Press: ? - help, Shift-Dir - straight line, f - hound
Aim: a hound (severely wounded)
You freeze the hound!
You kill the hound!
Vehumet accepts your kill.
The wall freezes something but does no damage.
Something hits you. Something bites you but does no damage.
The centaur wields a +1 heavy shortbow.
The centaur shoots an arrow.
The arrow hits you! Something hits you!
* * * LOW HITPOINT WARNING * * *
Something bites you but does no damage.
Your icy armour cracks and falls away as you move.
The frozen ramparts melt away as you move.
The centaur shoots an arrow.
You block the arrow.
A centaur comes into view.
The centaur shoots an arrow.
The arrow barely misses you.
Unknown command.
The centaur shouts!
The centaur shoots an arrow.
The arrow hits you!
* * * LOW HITPOINT WARNING * * *
The centaur wields a +0 shortbow.
The centaur shoots an arrow.
The arrow hits you!
You die...

##.##..##........V...
#............########
#............#fWe.... #
#............#WS#.#.. ..
#............+f..#W?.
...####'######..+.....$.
................+...#...
##..............#..#.#..
#.....@........#.......
.c..............########
.c......................
#..##########.........$.
##. +...#.......... #
#...#..........
#...#.......... #.
#...#..........
##.########'##..........


You could see 2 centaurs.

Vanquished Creatures
  Menkaure (D:5)
  A black bear (D:5)
  A bullfrog (D:6)
  3 scorpions
  A crimson imp (D:3)
  2 hounds
  A sleepcap (D:5)
  3 orc priests
  3 iguanas
  2 orc wizards (D:4)
  7 adders
  10 gnolls
  An ufetubus (D:5)
  2 worms
  3 dart slugs
  24 orcs
  3 bats
  4 endoplasms
  5 giant cockroaches
  8 goblins
  5 hobgoblins
  2 jackals (D:1)
  3 quokkas
  16 ball pythons
  3 frilled lizards
  6 kobolds
  8 rats
  A spectral goblin (D:4)
129 creatures vanquished.

Notes
Turn   | Place    | Note
-------+----------+-------------------------------------------
     0 | D:1      | safid the Merfolk Ice Elementalist began the quest for the
                  | Orb.
     0 | D:1      | Reached XP level 1. HP: 13/13 MP: 3/3
   125 | D:1      | Reached XP level 2. HP: 10/20 MP: 0/5
   182 | D:1      | Reached skill level 1 in Fighting
   737 | D:1      | Reached XP level 3. HP: 26/26 MP: 6/6
  1487 | D:2      | You fall into a shaft and drop 2 floors!
  1496 | D:4      | Reached skill level 5 in Ice Magic
  1496 | D:4      | Reached XP level 4. HP: 33/33 MP: 3/8
  1572 | D:4      | Learned a level 3 spell: Frozen Ramparts
  1576 | D:4      | Learned a level 3 spell: Ozocubu's Armour
  1658 | D:4      | Reached XP level 5. HP: 24/39 MP: 4/9
  2018 | D:3      | Found a burning altar of Makhleb.
  2019 | D:3      | Found a radiant altar of Vehumet.
  2027 | D:3      | Became a worshipper of Vehumet
  2769 | D:3      | Reached XP level 6. HP: 42/47 MP: 7/11
  3321 | D:3      | Reached * piety under Vehumet
  3321 | D:3      | Offered knowledge of Sandblast by Vehumet.
  3381 | D:3      | Found an iron altar of Okawaru.
  3383 | D:3      | Found a basalt altar of Yredelemnul.
  3762 | D:4      | Reached skill level 6 in Ice Magic
  4310 | D:4      | Found a hazy altar of Hepliaklqana.
  4316 | D:4      | Upgraded the game from 0.30.0-20-g3b4254fcbd to
                  | 0.30.0-29-ga12c61a403
  4459 | D:5      | Entered Level 5 of the Dungeon
  4472 | D:5      | Reached XP level 7. HP: 34/54 MP: 10/13
  4721 | D:5      | Identified the +0 leather armour of the Dropbear {Str+3
                  | Int+3}
  4722 | D:5      | Offered knowledge of Scorch by Vehumet.
  4724 | D:5      | Reached ** piety under Vehumet
  5077 | D:5      | Reached skill level 5 in Fighting
  5224 | D:5      | Noticed Menkaure
  5246 | D:5      | Killed Menkaure
  5247 | D:5      | Reached skill level 5 in Spellcasting
  5247 | D:5      | Reached skill level 7 in Ice Magic
  5247 | D:5      | Reached XP level 8. HP: 8/62 MP: 9/15
  5726 | D:6      | Found a runed translucent gate.
  5748 | D:6      | Found a runed translucent gate.
  5749 | D:6      | Found a runed translucent gate.
  5749 | D:6      | Noticed 0gre's ghost (novice GnWn)
  5750 | D:6      | Noticed a deep elf pyromancer
  5796 | D:6      | Reached skill level 1 in Shields
  5817 | D:6      | Noticed a vampire
  5860 | D:6      | Shot with an arrow by a centaur

Illustrated notes

Levels and vault maps discovered:
D:1:      saegor_arrival_under_anarchy, layout_basic
D:2:      layout_basic
D:3:      layout_loops_corners, grunt_temple_overflow_lords_of_destruction,
          nicolae_overflow_hidden_temple, grunt_ministairs_14, amethyst_killhole
D:4:      layout_cave_pools, nicolae_hepliaklqana_monster_ancestors,
          chequers_serial_rivers_micro_e, minmay_close_crescents
D:5:      layout_loops_ring, hangedman_decor_growths,
          chequers_serial_rivers_room_b, due_unseen_surprise, uniq_menkaure
D:6:      layout_gridville, good_gods_temple_1,
          minmay_temple_entry_proselytizer, serial_shops, shop,
          nicolae_shop_drivethru, shop, kennysheep_little_box,
          gammafunk_ghost_split, minmay_manual_mares

Skill      XL: |  1  2  3  4  5  6  7  8 |
---------------+-------------------------+-----
Fighting       | 1 2 3 4 5 |  5.6
Ice Magic      | 5 6 7 |  7.3
Spellcasting   | 3 4 5 |  5.2
Dodging        | 3 |  3.3
Shields        | 1 |  1.1
Stealth        | |  2.1

Action                     |  1- 3 |  4- 6 |  7- 9 || total
---------------------------+-------+-------+-------++-------
  Melee: Unarmed           |    18 |       |       ||    18
         Punch             |     2 |     1 |       ||     3
         Dagger            |    52 |    82 |    27 ||   161
         Spear             |       |       |    27 ||    27
   Cast: Freeze            |    38 |    70 |     3 ||   111
         Frozen Ramparts   |       |     7 |    15 ||    22
         Ozocubu's Armour  |       |     4 |    10 ||    14
    Use: Scroll            |       |       |     8 ||     8
   Stab: Sleeping          |     4 |     3 |       ||     7
 Armour: Robe              |    14 |    24 |    25 ||    63
  Dodge: Dodged            |    67 |    80 |    33 ||   180
  Block: Buckler           |       |       |     4 ||     4
